 Dungeon Crawl Stone Soup version 0.27-a0-1529-g1e82c303ef (webtiles) character file.

Game seed: 8851280223155387744

42 Morbidden the Covered (level 3, 0/45 HPs)
             Began as a Demigod Fighter on July 12, 2021.
             Succumbed to a kobold's poison
             ... on level 2 of the Dungeon.
             The game lasted 00:01:13 (1357 turns).

Morbidden the Covered (Demigod Fighter)             Turns: 1357, Time: 00:01:14

Health: 0/45       AC: 21    Str: 21    XL:     3   Next: 17%
Magic:  5/5        EV:  2    Int: 10    God:
Gold:   54         SH:  9    Dex: 13    Spells: 2/2 levels left

rFire    . . .     SeeInvis .   a - +0 long sword
rCold    . . .     Faith    .   c - +0 kite shield
rNeg     + + +     Spirit   .   (armour currently unavailable)
rPois    +         Reflect  .   (helmet currently unavailable)
rElec    .         Harm     .   (cloak currently unavailable)
rCorr    .         Rampage  .   (gloves currently unavailable)
Will     .....     NoTele   +   (boots currently unavailable)
Stlth    +.........             (no amulet)
HPRegen  0.15/turn              (no ring)
MPRegen  0.09/turn              (no ring)

@: lethally poisoned (0 -> -15), tree-form
A: stationary, stasis, torment immunity, boosted hp, high mp 1, forlorn
a: no special abilities


You were on level 2 of the Dungeon.
You were a tree.
You visited 1 branch of the dungeon, and saw 2 of its levels.

You collected 54 gold pieces.

Inventory:

Hand Weapons
 a - a +0 long sword (weapon)
Armour
 b - a +0 scale mail (melded)
 c - a +0 kite shield (worn)
Scrolls
 e - a scroll of enchant armour {unknown}
 f - a scroll of vulnerability {unknown}
 h - 3 scrolls of torment {unknown}
 i - a scroll of magic mapping {unknown}
Potions
 d - 2 potions of might
 g - a potion of lignification
 j - a potion of degeneration {unknown}


   Skills:
 + Level 2.9 Fighting
 + Level 2.1 Long Blades
 + Level 3.2 Armour
 + Level 0.3 Dodging
 + Level 3.1 Shields


You had 2 spell levels left.
You didn't know any spells.
Your spell library was empty.

Dungeon Overview and Level Annotations

Branches:
Dungeon (2/15)


Innate Abilities, Weirdness & Mutations

You are a tree.
Your roots penetrate the ground, keeping you stationary.
You cannot be teleported.
You are immune to unholy pain and torment.
Your maximum health is greatly increased.
Your equipment is partially melded.
Your attributes grow dramatically as you level up.
You have an increased reservoir of magic. (+10% MP)
You shall have no god before yourself.


Message History

No target in view!
A kobold comes into view. It is wielding a +0 whip of venom.
The kobold throws a stone.
The stone barely misses you.
The kobold throws a stone.
The stone hits you.
A kobold is nearby!
The kobold hits you but does no damage.
You are poisoned.
A kobold is nearby!
You closely miss the kobold.
You feel very sick. You block the kobold's attack.
A kobold is nearby!
You closely miss the kobold.
You feel sick.
The kobold hits you with a +0 whip of venom.
You are more poisoned.
The kobold hits you with a +0 whip of venom.
You are more poisoned.
You closely miss the kobold.
You feel extremely sick.
The kobold hits you with a +0 whip of venom.
You are more poisoned.
You are too injured to fight recklessly!
You are too injured to fight recklessly!
You are too injured to fight recklessly!
You are too injured to fight recklessly!
You slash the kobold!
You kill the kobold!
* * * LOW HITPOINT WARNING * * *
You feel extremely sick.
* * * LOW HITPOINT WARNING * * *
You feel very sick.
Things that are here:
a +0 whip of venom; a stone; a kobold corpse Unknown command.
Unknown command.
Unknown command.
It was a potion of lignification.
You turn into a tree.
Your +0 scale mail melds into your body.
Your roots penetrate the ground.
You die...

#.# #.#....#..
.#######.##### #.#.......
.............# #.#..#...#
######..##...###.#..#....
#.##..#...#........# ##
#.# ....#.###..#>...
#...##.##.#.......†.#.#..
.#..........#####..# ...
.........♣.##.# #..####
##...##?#### #....# ...#.
#.# #.##.## ## . #.#
#.....# # #.#
##.########..#. #..
............... ##
#.......##..##
#.######.##..# #.##..#


There were no monsters in sight!

Vanquished Creatures
  A worm (D:2)
  2 dart slugs
  4 ball pythons (D:1)
  2 bats
  7 endoplasms
  2 giant cockroaches (D:1)
  A goblin (D:2)
  3 hobgoblins
  2 quokkas
  2 frilled lizards (D:1)
  2 kobolds
  2 rats (D:1)
30 creatures vanquished.

Notes
Turn   | Place    | Note
-------+----------+-------------------------------------------
     0 | D:1      | Morbidden the Demigod Fighter began the quest for the Orb.
     0 | D:1      | Reached XP level 1. HP: 18/18 MP: 3/3
   186 | D:1      | Reached XP level 2. HP: 25/25 MP: 4/4
  1105 | D:2      | Reached XP level 3. HP: 30/30 MP: 5/5
  1357 | D:2      | Succumbed to a kobold's poison

Illustrated notes

Levels and vault maps discovered:
D:1:      minmay_arrival_four_houses, layout_basic, kennysheep_doodads
D:2:      layout_loops_ring, st_stairs_2

Skill      XL: |  1  2 |
---------------+-------+-----
Armour         | 3 |  3.2
Shields        | 3 |  3.1
Long Blades    | 2 |  2.1
Fighting       | |  2.9
Dodging        | |  0.3

Action                   || total
-------------------------++-------
Melee: Long sword        ||   106
  Use: Potion            ||     1
Armor: Scale mail        ||    71
Dodge: Dodged            ||    48
Block: Kite shield       ||    65
       Rpst.: Long sword ||    15

Table legend: (Time is in decaauts)
 A = Elapsed time spent in this place.
 B = Non-inter-level travel time spent in this place.
 C = Inter-level travel time spent in this place.
 D = Time resting spent in this place.
 E = Time spent auto-exploring this place.
 F = Levels seen in this place.
 G = Mean time per level.
                   A        B        C        D        E       F      G
               +--------+--------+--------+--------+--------+-----+--------+
         Total |   1415 |   1301 |    114 |    120 |    915 |   2 |  707.5 |
       Dungeon |   1415 |   1301 |    114 |    120 |    915 |   2 |  707.5 |
               +--------+--------+--------+--------+--------+-----+--------+

Top non-repeatable levels by time:
     D:1: 1043 daAuts
     D:2: 372 daAuts
